 Dungeon Crawl Stone Soup version 0.17-a0-1-g1f4be75 (webtiles) character file.

82 vatarom the Insei (level 4, -10/42 HPs)
             Began as a Naga Transmuter on Mar 11, 2015.
             Killed by divine providence
             ... invoked by an orc priest
              (14 damage)
             ... on level 3 of the Dungeon.
             The game lasted 00:05:58 (2210 turns).

vatarom the Insei (Naga Transmuter)                 Turns: 2210, Time: 00:05:59

Health: -10/42     AC:  3    Str: 12    XL:     4   Next: 43%
Magic:  2/7        EV: 16    Int: 10    God:
Gold:   116        SH:  0    Dex: 17    Spells: 3 memorised, 1 level left

rFire  . . .     SeeInvis +     b - 25 arrows
rCold  + . .     Clarity  .     c - +1 robe
rNeg   . . .     SustAb   .     (no shield)
rPois  +         Gourm    +     (no helmet)
rElec  .         Spirit   .     (no cloak)
rCorr  .         Warding  .     (no gloves)
rMut   .         Stasis   .     (no barding)
MR     .....                    e - amulet of the gourmand
Stlth  +++.......               l - -4 ring of intelligence (curse)
                                g - ring of protection from cold

@: agile, very slow, not resistant to hostile enchantments, fairly stealthy
A: spit poison, see invisible, deformed body, poison resistance, slowness 2, AC
+1
a: Spit Poison


You were on level 3 of the Dungeon.
You were not hungry.

You visited 1 branch of the dungeon, and saw 3 of its levels.

You collected 116 gold pieces.

Inventory:

Missiles
 b - 25 arrows (in hand)
Armour
 c - a +1 robe (worn)
Jewellery
 e - an amulet of the gourmand (around neck)
 g - a ring of protection from cold (left hand)
 l - a cursed -4 ring of intelligence (right hand)
Magical devices
 k - a wand of polymorph (1)
Scrolls
 j - a scroll of identify
 m - a scroll of random uselessness
Potions
 f - a potion of agility
 h - a potion of cancellation
Books
 d - a book of Changes

   Spells                             Type                      Level
   a - Beastly Appendage              Transmutation                1
   b - Sticks to Snakes               Transmutation                2
   c - Spider Form                    Transmutation/Poison         3
   d - Ice Form                       Ice/Transmutation            4
   e - Blade Hands                    Transmutation                5
Comestibles
 a - 3 bread rations
 i - 2 meat rations
 n - a slice of pizza


   Skills:
 - Level 3.0 Fighting
 + Level 2.3 Dodging
 - Level 3.0 Unarmed Combat
 - Level 2.0 Spellcasting
 + Level 2.6 Transmutations


You had one spell level left.
You knew the following spells:

 Your Spells              Type           Power        Failure   Level  Hunger
a - Beastly Appendage     Trmt           #.....       12%         1    ##.....
b - Sticks to Snakes      Trmt           #.........   17%         2    ###....
c - Spider Form           Trmt/Pois      #.........   65%         3    ####...


Dungeon Overview and Level Annotations

Branches:
Dungeon (3/15)

Altars:


Innate Abilities, Weirdness & Mutations

You cannot wear boots.
You can spit poison.
Your serpentine skin is tough (AC +1).
You have supernaturally acute eyesight.
Armour fits poorly on your strangely shaped body.
Your system is resistant to poisons.
You cover ground very slowly.


Message History

Your ball python dies!
The orc barely misses your adder.
The orc shouts!
You see here 2 stones.
Unknown command.
You feel a bit more experienced.
The orc priest mumbles some strange prayers to Beogh against you.
Something smites you!
* * * LOW HITPOINT WARNING * * *
Unknown command.
Unknown command.
Use which ability? (? or * to list)
Press: ? - help, Shift-Dir - straight line, f - orc priest
Aim: an orc priest, wielding a falchion and wearing a ring mail The splash of poison hits the orc priest.
The orc priest is poisoned.
You feel slightly more hungry.
You have got your breath back.
The orc priest invokes the aid of Beogh against you.
Something smites you!
You die...

#)#######..#
#.# #.).
#######.# ##..
#<......# ###
#.####### #.#
#.# #.# #@#
#.# #o# #.##
#.o# ##(##
.#.######.o.##
..>....bS.o..#
..#####o#....#


You could see 2 orc priests and 2 orcs.

Vanquished Creatures
  Jessica (D:3)
  A giant mite (D:3)
  A worm (D:1)
  5 bats
  5 giant cockroaches
  10 goblins
  9 hobgoblins
  2 quokkas
  4 giant newts
  4 kobolds
  6 rats
48 creatures vanquished.

Vanquished Creatures (collateral kills)
  A bat (D:3)
  A hobgoblin (D:1)
2 creatures vanquished.

Grand Total: 50 creatures vanquished

Notes
Turn   | Place    | Note
--------------------------------------------------------------
     0 | D:1      | vatarom, the Naga Transmuter, began the quest for the Orb.
     0 | D:1      | Reached XP level 1. HP: 18/18 MP: 3/3
   124 | D:1      | Reached XP level 2. HP: 17/26 MP: 4/4
   726 | D:1      | Learned a level 2 spell: Sticks to Snakes
   905 | D:1      | Reached XP level 3. HP: 24/33 MP: 4/6
  1009 | D:1      | Learned a level 3 spell: Spider Form
  2101 | D:3      | Noticed Jessica
  2111 | D:3      | Killed Jessica
  2111 | D:3      | Reached XP level 4. HP: 38/42 MP: 5/7
  2210 | D:3      | Killed from afar by an orc priest

Action                   |  1- 3 |  4- 6 || total
-------------------------+-------+-------++-------
Melee: Unarmed           |   130 |    13 ||   143
 Cast: Beastly Appendage |    16 |       ||    16
       Sticks to Snakes  |     1 |     3 ||     4
 Abil: Spit Poison       |    26 |     4 ||    30
Evoke: Wand              |     3 |       ||     3
  Use: Scroll            |    10 |       ||    10
       Potion            |     1 |     1 ||     2
  Eat: Chunk             |     2 |     3 ||     5
       Bread ration      |     1 |       ||     1
